 Dungeon Crawl Stone Soup version 0.31.0-12-g77e489cdc1 (webtiles) character file.

Game seed: 2540324206864440563

55 EonDragon20 the Firebug (level 3, -1/26 HPs)
             Began as a Draconian Fire Elementalist on Feb 14, 2024.
             Slain by Natasha (8 damage)
             ... on level 3 of the Dungeon.
             The game lasted 00:06:47 (1905 turns).

EonDragon20 the Firebug (DrFE)                      Turns: 1905, Time: 00:06:48

Health: -1/26      AC:  5    Str: 12    XL:     3   Next: 67%
Magic:  6/6        EV: 12    Int: 15    God:
Gold:   166        SH:  0    Dex: 11    Spells: 5/6 levels left

rFire   . . .        f - +0 hand axe (vamp)
rCold   . . .        (no shield)
rNeg    . . .        (body armour unavailable)
rPois   .            (helmet restricted)
rElec   .            (no cloak)
rCorr   .            (no gloves)
SInv    .            (no boots)
Will    .....        (no amulet)
Stlth   ++           (no ring)
HPRegen 0.24/turn    (no ring)
MPRegen 0.10/turn

%: no passive effects
@: mighty, invisible
A: AC +5, unfitting armour, cold-blooded
a: no special abilities


You were on level 3 of the Dungeon.
You visited 1 branch of the dungeon, and saw 3 of its levels.

You collected 166 gold pieces.

Inventory:

Hand Weapons
 f - a +0 vampiric hand axe (weapon)
Scrolls
 i - a scroll of identify
Potions
 a - 2 potions of magic
 b - a potion of mutation {unknown}
 g - a potion of invisibility
 h - a potion of brilliance {unknown}
 j - a potion of enlightenment {unknown}


   Skills:
 * Level 2.7 Axes
 - Level 1.7 Dodging
 - Level 1.7 Stealth
 - Level 2.0 Spellcasting
 - Level 1.0 Conjurations
 - Level 3.5 Fire Magic


You had 5 spell levels left.
You knew the following spells:

 Your Spells              Type           Power      Damage    Failure   Level
a - Foxfire               Conj/Fire      32%        2x1d5     9%          1

Your spell library contained the following spells:

 Spells                   Type           Power      Damage    Failure   Level
 Scorch                   Fire           24%        2d6       8%          2
 Inner Flame              Hex/Fire       6%         N/A       32%         3
 Volatile Blastmotes      Fire/Tloc      12%        2d11      32%         3
 Flame Wave               Conj/Fire      8%         2d5       65%         4
 Summon Forest            Summ/Tloc      0%         N/A       99%         5
 Summon Mana Viper        Hex/Summ       1%         N/A       99%         5
 Summon Cactus Giant      Summ           0%         N/A       100%        6


Dungeon Overview and Level Annotations

Branches:
Dungeon (3/15)

Altars:
Gozag
Hepliaklqana

Annotations:
D:3 Natasha


Innate Abilities, Weirdness & Mutations

Your plain brown scales are hard. (AC +5)
You cannot fit into any form of body armour.
You are cold-blooded and may be slowed by cold attacks.


Message History

The cerulean imp barely misses you. The frilled lizard barely misses you.
The cerulean imp barely misses you.
The cerulean imp attacks as it pursues you!
The cerulean imp hits you from afar with a +0 spear.
The cerulean imp completely misses you.
The frilled lizard completely misses you.
The cerulean imp barely misses you.
Natasha zaps a wand.
The puff of flame hits you!
As you read the scroll labelled CONKEI JIUZ, it crumbles to dust.
It is a scroll of amnesia.
Okay, then.
The cerulean imp closely misses you.
The cerulean imp hits you from afar with a +0 spear.
The frilled lizard barely misses you. The cerulean imp closely misses you.
Natasha zaps a wand.
The puff of flame misses you.
The cerulean imp hits you but does no damage.
It was a potion of invisibility.
You fade into invisibility!
You feel yourself speed up.
The cerulean imp disappears in a puff of smoke!
The cerulean imp closely misses you. The frilled lizard barely misses you.
Natasha zaps a wand.
The puff of flame misses you. The cerulean imp barely misses you.
The cerulean imp hits you from afar with a +0 spear.
* * * LOW HITPOINT WARNING * * *
The frilled lizard misses you.
Natasha casts a spell.
It was a potion of might.
You feel very mighty all of a sudden.
Natasha zaps a wand.
The puff of flame hits you.
* * * LOW HITPOINT WARNING * * *
You miss Natasha.
Natasha is lightly wounded.
You slash the frilled lizard!
You kill the frilled lizard!
Natasha barely misses you.
You hit Natasha.
You feel better.
Your tail-slap misses Natasha.
Natasha is lightly wounded.
Natasha claws you!
You die...
Natasha curls up and begins to purr.

#.......#
#.########## #.#
#....).###
#.###.####.#.######
#.....##......<...#
########..........#
#..........#
#..........#
#.....@....#
#......h.5.#####.#
#........5.'...>.#
#...5......#######
#..........#
#..........#
###'##'##### #.
#........ ..
#########


You could see Natasha and 3 cerulean imps.

Vanquished Creatures
  An adder (D:2)
  2 ribbon worms (D:3)
  An orc (D:3)
  2 ball pythons
  An endoplasm (D:2)
  4 giant cockroaches
  5 goblins
  5 hobgoblins
  3 quokkas
  2 bats (D:2)
  3 frilled lizards
  3 kobolds (D:1)
  7 rats
39 creatures vanquished.

Vanquished Creatures (others)
  18 foxfires (D:1)
18 creatures vanquished.

Grand Total: 57 creatures vanquished

Notes
Turn   | Place    | Note
-------+----------+-------------------------------------------
     0 | D:1      | EonDragon20 the Draconian Fire Elementalist began the quest
                  | for the Orb.
     0 | D:1      | Reached XP level 1. HP: 14/14 MP: 3/3
   250 | D:1      | Reached XP level 2. HP: 20/20 MP: 0/5
   940 | D:2      | Reached skill level 1 in Axes
  1132 | D:2      | Reached XP level 3. HP: 12/26 MP: 6/6
  1308 | D:2      | Found a hazy altar of Hepliaklqana.
  1559 | D:3      | Found an opulent altar of Gozag.
  1878 | D:3      | Noticed Natasha
  1905 | D:3      | Slain by Natasha

Illustrated notes

Levels and vault maps discovered:
D:1:      ebering_trefoil_3fold, layout_basic
D:2:      layout_basic, basic_altar
D:3:      layout_basic, mainiacjoe_overflow_alcove_4,
          nicolae_overflow_hallway_of_the_gods, uniq_natasha

Skill      XL: |  1  2  3 |
---------------+----------+-----
Axes           | 1 2 |  2.7
Dodging        | |  1.7
Stealth        | |  1.7
Spellcasting   | |  2.0
Conjurations   | |  1.0
Fire Magic     | |  3.5

Action                     || total
---------------------------++-------
  Melee: Unarmed           ||     7
         Tailslap          ||    12
         Punch             ||     3
         Hand axe          ||   118
   Cast: Foxfire           ||    13
    Use: Scroll            ||     8
         Potion            ||     4
   Stab: Sleeping          ||     4
 Armour: Skin              ||   107
  Dodge: Dodged            ||   134
